 Dungeon Crawl Stone Soup version 0.17.0-26-gececa24 (webtiles) character file.

4559 Shensi the Nimble (level 10, -18/86 HPs)
             Began as a Red Draconian Monk on Nov 19, 2015.
             Killed from afar by a deep elf mage (22 damage)
             ... with a shard of ice
             ... on level 9 of the Dungeon.
             The game lasted 00:51:11 (10917 turns).

Shensi the Nimble (Red Draconian Monk)             Turns: 10917, Time: 00:51:11

Health: -18/86     AC: 10    Str: 17    XL:     10   Next: 18%
Magic:  10/10      EV: 17    Int: 11    God:
Gold:   282        SH:  0    Dex: 13    Spells: 0 memorised, 9 levels left

rFire  + . .     SeeInvis .       - Unarmed
rCold  . . .     Clarity  .     (armour unavailable)
rNeg   . . .     SustAt   .     (no shield)
rPois  .         Gourm    +     (helmet restricted)
rElec  .         Spirit   .     (no cloak)
rCorr  .         Warding  .     e - +2 pair of gloves
rMut   .         Stasis   .     (no boots)
MR     .....                    p - amulet of the gourmand
Stlth  ++........               (no ring)
                                (no ring)

@: drained, not resistant to hostile enchantments, unstealthy
A: breathe fire, unfitting armour, fire resistance 1, cold-blooded, AC +7
a: Breathe Fire


You were on level 9 of the Dungeon.
You were not hungry.

You visited 2 branches of the dungeon, and saw 10 of its levels.

You collected 282 gold pieces.

Inventory:

Hand Weapons
 b - a +0 flail
 k - a +0 scimitar of electrocution
Armour
 e - a +2 pair of gloves (worn)
Jewellery
 p - an amulet of the gourmand (around neck)
Wands
 a - a wand of polymorph (20)
Scrolls
 h - 4 scrolls of amnesia
 j - 8 scrolls of remove curse
 l - 3 scrolls of noise
 n - 2 scrolls of enchant weapon
 q - a scroll of recharging
 r - 4 scrolls of identify
Potions
 c - a potion of curing
 d - a potion of magic
 m - 2 potions of flight
Comestibles
 i - 3 meat rations
 s - a royal jelly


   Skills:
 + Level 7.3(6.5) Fighting
 + Level 10.0(9.2) Dodging
 + Level 4.5(3.8) Stealth
 + Level 8.8(8.0) Unarmed Combat


You had 9 spell levels left.
You didn't know any spells.

Dungeon Overview and Level Annotations

Branches:
Dungeon (9/15)             Temple (1/1) D:7
   Lair: D:8-11         Orc: D:9-12

Altars:
Ashenzari
Cheibriados
Dithmenos
Elyvilon
Fedhas
Gozag
Kikubaaqudgha
Makhleb
Nemelex Xobeh
Okawaru
Qazlal
Ru
Sif Muna
Trog
Vehumet
Xom
Yredelemnul
Zin
The Shining One


Innate Abilities, Weirdness & Mutations

You can breathe blasts of fire.
Your fiery red scales are hard (AC +7).
Your body does not fit into most forms of armour.
Your flesh is heat resistant.
You are cold-blooded and may be slowed by cold attacks.


Message History

A giant gecko comes into view.
There is a stone staircase leading up here.
A deep elf mage comes into view. It is wielding a long sword.
The gnoll closely misses you. The giant gecko barely misses you.
The quokka closely misses you.
A kobold comes into view.
A troll comes into view.
The giant gecko completely misses you. The gnoll barely misses you.
The gnoll barely misses you.
A hound and a skeleton come into view.
A centaur skeleton comes into view.
The gnoll hits you.
* * * LOW HITPOINT WARNING * * *
Found 15 arrows of flame.
A crimson imp comes into view.
A centaur comes into view.
The centaur shouts!
The deep elf mage points at you and mumbles some strange words.
The shard of ice hits you!
You die...

#.=.#c#Z#)# .
#.#..h5...# ..
#.#.......#
....#.#.......#
....#.T......%#
............?.#
........e.....#
#.....@....#
#.!)#.#ol.?#
#....Kggr..#
#.K.Kg...#.#
#.....<..# .(
#.#Z.....# .#
#.#.#.#..# # #
#.#.#..# #
#.#..#


You could see a troll, an orc warrior, a big kobold, a deep elf mage, a centaur,
a hound (wandering), 2 gnolls, a crimson imp, a giant gecko, a quokka, 2
kobolds, a hound skeleton and a centaur skeleton (wandering).

Vanquished Creatures
  The ghost of Clownie the Martial Artist, a novice OpBe of Trog (D:8)
  A two-headed ogre (D:8)
  Sigmund (D:2)
  A hungry ghost (D:7)
  A hippogriff (D:7)
  An orc warrior (D:7)
  4 phantoms
  3 ice beasts
  A centaur (D:5)
  7 ogres
  4 giant frogs
  A scorpion (D:7)
  A water moccasin skeleton (D:8)
  5 wights (D:8)
  A vampire bat (D:5)
  A giant frog zombie (D:6)
  3 hounds
  A centaur skeleton (D:5)
  4 crimson imps
  7 orc priests
  2 jellies (D:5)
  2 giant frog skeletons
  An iron imp (D:7)
  2 iguanas
  4 worker ants
  7 orc wizards
  A hound zombie (D:5)
  12 adders
  7 gnolls
  2 shadow imps
  A white imp (D:7)
  2 adder skeletons
  A worm (D:3)
  3 fire bats (D:5)
  7 giant geckos
  32 orcs
  2 spectral bats (D:5)
  A ball python (D:7)
  18 bats
  3 bat skeletons (D:5)
  A bat zombie (D:5)
  7 giant cockroaches
  7 hobgoblins
  9 jackals
  8 kobolds
  9 quokkas
  A bat simulacrum (D:5)
  9 giant newts
  13 goblins
  A goblin skeleton (D:7)
  2 goblin zombies (D:7)
  A hobgoblin zombie (D:7)
  2 kobold skeletons (D:7)
  An orc skeleton (D:7)
  2 quokka skeletons
  A quokka zombie (D:5)
  12 rats
245 creatures vanquished.

Notes
Turn   | Place    | Note
--------------------------------------------------------------
     0 | D:1      | Shensi the Draconian Monk began the quest for the Orb.
     0 | D:1      | Reached XP level 1. HP: 19/19 MP: 1/1
   350 | D:1      | Reached XP level 2. HP: 8/26 MP: 2/2
  1138 | D:2      | Reached XP level 3. HP: 14/31 MP: 3/3
  1381 | D:2      | Found a shadowy altar of Dithmenos.
  1762 | D:2      | Noticed Sigmund
  1815 | D:2      | Killed Sigmund
  1815 | D:2      | Reached skill level 5 in Unarmed Combat
  1815 | D:2      | Reached XP level 4. HP: 35/40 MP: 4/4
  1815 | D:2      | Reached XP level 5. HP: 40/46 MP: 5/5
  2528 | D:3      | Reached XP level 6. HP: 45/52 MP: 6/6
  2661 | D:3      | Noticed a phantom
  2981 | D:3      | Killed a phantom
  2981 | D:3      | Reached skill level 5 in Dodging
  2990 | D:3      | Noticed an orc warrior
  3214 | D:3      | Found a shattered altar of Ashenzari.
  4088 | D:4      | Found a glowing silver altar of Zin.
  4145 | D:4      | Your scales start taking on a fiery red colour.
  4145 | D:4      | Gained mutation: Your flesh is heat resistant. [Red Draconian growth]
  4145 | D:4      | Reached XP level 7. HP: 47/60 MP: 7/7
  4842 | D:4      | Reached skill level 6 in Dodging
  5285 | D:5      | Entered Level 5 of the Dungeon
  5421 | D:5      | Reached skill level 5 in Fighting
  5634 | D:5      | Reached XP level 8. HP: 42/68 MP: 8/8
  5721 | D:5      | Reached skill level 7 in Dodging
  6367 | D:5      | Reached skill level 8 in Dodging
  6442 | D:5      | Found a blossoming altar of Fedhas.
  7162 | D:6      | Reached XP level 9. HP: 75/75 MP: 9/9
  7551 | D:7      | Found a glowing golden altar of the Shining One.
  8004 | D:7      | Found a snail-covered altar of Cheibriados.
  8686 | D:7      | Found a staircase to the Ecumenical Temple.
  8703 | Temple   | Entered the Ecumenical Temple
  8969 | D:7      | Reached skill level 9 in Dodging
  9352 | D:7      | Found a deep blue altar of Sif Muna.
  9353 | D:7      | Found a stormy altar of Qazlal.
 10298 | D:8      | Noticed Clownie's ghost (novice OpBe)
 10347 | D:8      | Killed Clownie's ghost
 10347 | D:8      | Reached XP level 10. HP: 28/86 MP: 10/10
 10624 | D:8      | Reached skill level 10 in Dodging
 10916 | D:9      | HP: 3/86 [gnoll (3)]
 10917 | D:9      | Killed from afar by a deep elf mage

Action                   |  1- 3 |  4- 6 |  7- 9 | 10-12 || total
-------------------------+-------+-------+-------+-------++-------
Melee: Unarmed           |   141 |   291 |   692 |    53 ||  1177
 Abil: Breathe Fire      |       |       |    11 |     1 ||    12
  Use: Scroll            |     6 |     9 |    10 |     2 ||    27
       Potion            |     2 |       |     5 |     1 ||     8
 Stab: Sleeping          |     5 |     6 |     9 |       ||    20
       Fleeing           |       |       |       |     1 ||     1
  Eat: Bread ration      |     1 |     2 |     4 |       ||     7
       Fruit             |       |     1 |     4 |     1 ||     6
       Pizza             |       |       |       |     1 ||     1
